[Event "Live Chess"]
[Site "Chess.com"]
[Date "2023.09.16"]
[Round "-"]
[White "gu1c0rrea"]
[Black "dani_reitas"]
[Result "1-0"]
[WhiteElo "807"]
[BlackElo "1008"]
[TimeControl "900+5"]
[EndTime "6:32:33 PDT"]
[Termination "gu1c0rrea venceu por desistência"]

1. e4 e6 2. d4 d5 3. Nc3 c5 4. Be3 cxd4 5. Bxd4 Nc6 6. Be3 Nf6 7. exd5 Nxd5 8. Nxd5 exd5 9. Bf4 Be7 10. Nf3 O-O 11. Bd3 Be6 12. Ne5 Nxe5 13. Bxe5 Bd6 14. Qh5 h6 15.
Qe2 Bxe5 16. Qxe5 Qb6 17. b3 Qb4+ 18. Ke2 Rac8 19. Rac1 Qa3 20. Qa1 Rc7 21. Rhe1 Bd7 22. Kf1 Qa5 23. Re7 Bc6 24. Rce1 Rxe7 25. Rxe7 Bb5 26. c4 dxc4 27. bxc4 Qb6 28. Qe1 Qc6 29. cxb5 Qc8 30. a4 Qd8 31. Qe4 g6 32. Rxb7 Re8 33.
Qc4 Qf6 34. g3 Re7 35. Rb8+ Kg7 36. a5 Qf3 37. Qc3+ Kh7 38. Bxg6+ Kxg6 39. Qxf3 1-0

[Event "Live Chess"]
[Site "Chess.com"]
[Date "2023.09.16"]
[Round "-"]
[White "kesiavik"]
[Black "Ggavioli"]
[Result "0-1"]
[WhiteElo "1019"]
[BlackElo "1561"]
[TimeControl "900+5"]
[EndTime "6:33:30 PDT"]
[Termination "Ggavioli venceu por desistência"]

1. d4 c6 2. Nf3 d5 3. Bf4 Bg4 4. h3 Bxf3 5. exf3 Nf6 6. Bd3 Nbd7 7. c3 e6 8. Nd2 Nb6 9. O-O Bd6 10. Bxd6 Qxd6 11. c4 dxc4 12. Bxc4 Qxd4 13. b3 O-O 14. Re1 Nxc4 15. bxc4 Nd7 16. Qc2 Rfd8 17. Ne4 Nc5 18. Ng5 Qd3 19. Qc1 h6 20. Ne4 Nxe4 21. fxe4 Rd4 0-1

[Event "Live Chess"]
[Site "Chess.com"]
[Date "2023.09.16"]
[Round "-"]
[White "InfinityDelas"]
[Black "daniel-drummond"]
[Result "0-1"]
[WhiteElo "753"]
[BlackElo "1542"]
[TimeControl "900+5"]
[EndTime "6:33:39 PDT"]
[Termination "daniel-drummond venceu por xeque-mate"]

1. e4 e5 2. Nf3 Nc6 3. d3 Nf6 4. Be2 Bc5 5. O-O d6 6. Bg5 h6 7. Bxf6 Qxf6 8. Nc3 Be6 9. Nd5 Bxd5 10. exd5 Nd4 11.
Nxd4 Bxd4 12. c3 Bb6 13. Bf3 O-O 14. Qe2 Rfe8 15. a4 a6 16. Rfd1 Bc5 17. Qe4 Rac8 18. d4 exd4 19. cxd4 Rxe4 20. Bxe4 Bxd4 21. Rf1 Bxb2 22.
Rab1 c6 23. dxc6 bxc6 24. Bf3 Be5 25. Rb6 Qh4 26. h3 a5 27. Bxc6 Qc4 28. Bb5 Qf4 29. g3 Qf5 30. Kh2 Bxg3+ 31. Kxg3 Qe5+ 32. Kg2 Qe4+ 33. Kg1 Rc5 34. Rxd6 Rg5+ 35. Kh2 Qg2# 0-1

[Event "Live Chess"]
[Site "Chess.com"]
[Date "2023.09.16"]
[Round "-"]
[White "fernanndodod"]
[Black "mary260210"]
[Result "1-0"]
[WhiteElo "1980"]
[BlackElo "853"]
[TimeControl "900+5"]
[EndTime "6:33:50 PDT"]
[Termination "fernanndodod venceu por xeque-mate"]

1. e4 e5 2. Nf3 Nf6 3. d4 exd4 4. e5 Nd5 5. Qxd4 c6 6. Bd2 Be7 7. Nc3 Nxc3 8. Bxc3 O-O 9. Bc4 d6 10. exd6 Bxd6 11.
Qxg7# 1-0

[Event "Live Chess"]
[Site "Chess.com"]
[Date "2023.09.16"]
[Round "-"]
[White "migu345"]
[Black "vitinho_lawliet"]
[Result "1-0"]
[WhiteElo "1004"]
[BlackElo "943"]
[TimeControl "900+5"]
[EndTime "6:34:15 PDT"]
[Termination "migu345 venceu por xeque-mate"]

1. e4 e5 2. Nf3 Nc6 3. Bc4 Nh6 4. O-O a6 5. Nc3 b5 6. Bd5 Bb7 7. d3 Bb4 8. Bxh6 gxh6 9. Nxe5 Bxc3 10. Bxf7+ Kf8 11. Nxc6 Bxc6 12. Qf3 Bxb2 13. Bd5+ Ke8 14. Qf7# 1-0

[Event "Live Chess"]
[Site "Chess.com"]
[Date "2023.09.16"]
[Round "-"]
[White "danilo655"]
[Black "RickBrasil"]
[Result "0-1"]
[WhiteElo "720"]
[BlackElo "1867"]
[TimeControl "900+5"]
[EndTime "6:35:18 PDT"]
[Termination "RickBrasil venceu por desistência"]

1. e4 c6 2. d4 d5 3. e5 Bf5 4.
Bd3 Bxd3 5. Qxd3 e6 6. Nf3 Qb6 7. Nc3 Ne7 8. O-O Nd7 9. Re1 h5 10. h3 Nf5 11. Na4 Qa5 12. b3 b5 13. Bd2 Qc7 14. Nc3 a5 15. a4 b4 16. Na2 Rb8 17. Ng5 c5 18. Qc3 bxc3 19. Bxc3 cxd4 20. Bd2 Be7 21.
Nf3 g5 22. Rac1 g4 23. Nh2 Nxe5 24.
hxg4 hxg4 0-1

[Event "Live Chess"]
[Site "Chess.com"]
[Date "2023.09.16"]
[Round "-"]
[White "Samueeeseeel"]
[Black "GabrielGGCF"]
[Result "1/2-1/2"]
[WhiteElo "875"]
[BlackElo "1448"]
[TimeControl "900+5"]
[EndTime "6:35:22 PDT"]
[Termination "Empate por afogamento"]

1. c4 e5 2. Nc3 Bc5 3. g3 Nf6 4. Bg2 d6 5. e3 Be6 6. d3 c6 7. Nge2 d5 8. cxd5 cxd5 9. d4 exd4 10. exd4 Bb4 11. O-O Nc6 12. a3 Ba5 13. Rb1 O-O 14.
b4 Bb6 15. a4 a5 16. b5 Nb4 17. Ba3 Qe7 18. Qb3 Rfc8 19. Bxb4 axb4 20. Qxb4 Qxb4 21. Rxb4 h6 22. Ra1 Ba5 23. Rb3 Ne4 24. Nxe4 dxe4 25.
Bxe4 Bxb3 26. Bxb7 Rab8 27. Bxc8 Rxc8 28. Rb1 Bxa4 29. b6 Rb8 30. b7 Bc6 31. Ra1 Bb6 32. Ra8 Bc7 33. Nf4 Bxb7 34. Rxb8+ Bxb8 35. d5 Kf8 36. Kf1 Ke7 37. Ke2 Kd6 38. Kd3 Bxd5 39.
Nxd5 Kxd5 40. f4 Ba7 41. h4 Bf2 42. g4 Bxh4 43. Ke3 g5 44. fxg5 Bxg5+ 45. Kf3 Ke5 46. Kg3 f5 47. Kh3 fxg4+ 48. Kxg4 Kf6 49. Kh5 Kg7 50.
Kg4 Be7 51. Kh5 Kh7 52. Kg4 Kg6 53. Kg3 Kg5 54. Kh3 h5 55. Kg3 Bd6+ 56. Kh3 h4 57. Kg2 Kg4 58. Kg1 Kf3 59. Kf1 h3 60. Kg1 Be5 61. Kh1 Bg3 62. Kg1 Kg4 63. Kh1 Bf4 64. Kg1 Kf3 65. Kh1 Bg5 66. Kg1 Bh4 67. Kh1 Kg3 68. Kg1 Bd8 69. Kh1 Kg4 70. Kg1 Bc7 71. Kh1 h2 72. Kg2 Kf5 73. Kh1 Ke4 74. Kg2 Ke3 75.
Kh1 Bd6 76. Kg2 Ke2 77. Kh1 Bf4 78. Kg2 Bg3 79. Kh1 Ke1 80. Kg2 Bf4 81. Kh1 Kf2 1/2-1/2

[Event "Live Chess"]
[Site "Chess.com"]
[Date "2023.09.16"]
[Round "-"]
[White "AlphaKaua10"]
[Black "Mozart5501"]
[Result "0-1"]
[WhiteElo "1198"]
[BlackElo "1796"]
[TimeControl "900+5"]
[EndTime "6:35:30 PDT"]
[Termination "Mozart5501 venceu por desistência"]

1. d4 Nf6 2. c4 g6 3. Nf3 Bg7 4. g3 O-O 5. Bg2 d5 6. cxd5 Nxd5 7. O-O Nc6 8. Ne5 Nxe5 9. dxe5 Nb4 10. Qxd8 Rxd8 11.
Nc3 Bxe5 12. f4 Bd4+ 13. e3 Bxc3 14. bxc3 Nc2 15. Rb1 Rb8 16. Rf2 Rd1+ 17. Bf1 Nxe3 18. Rb4 Rxc1 19. Re4 Nxf1 20. Rxf1 Rxc3 21. Rxe7 Bh3 22.
Rd1 Kf8 23. Re2 Bg4 0-1

[Event "Live Chess"]
[Site "Chess.com"]
[Date "2023.09.16"]
[Round "-"]
[White "sleepGM86"]
[Black "VIAJEMCENTRODATERRA"]
[Result "0-1"]
[WhiteElo "1115"]
[BlackElo "2011"]
[TimeControl "900+5"]
[EndTime "6:35:41 PDT"]
[Termination "VIAJEMCENTRODATERRA venceu por desistência"]

1. c4 c5 2. Nc3 Nc6 3. g3 g6 4. Bg2 Bg7 5. Nf3 e5 6. O-O Nge7 7. Re1 d6 8. e3 O-O 9. Rb1 a5 10. a3 Be6 11. b3 d5 12. cxd5 Nxd5 13. Nxd5 Bxd5 14.
Bb2 e4 15. Bxg7 Kxg7 16. Nh4 Ne5 17. d4 exd3 18. Bxd5 Qxd5 19. e4 Qd7 20. Nf3 Nxf3+ 21. Qxf3 Rfd8 22. e5 Qc6 23. Qxc6 bxc6 24. Re3 Rd5 25.
Rd1 Rad8 26. e6 fxe6 27. Rxe6 Kf7 28. Rxc6 d2 29. Rc7+ Kg8 30. Ra7 Re5 31. Kg2 Re1 0-1

[Event "Live Chess"]
[Site "Chess.com"]
[Date "2023.09.16"]
[Round "-"]
[White "ArthurMPRJ"]
[Black "KauaShelby015"]
[Result "1/2-1/2"]
[WhiteElo "1249"]
[BlackElo "1250"]
[TimeControl "900+5"]
[EndTime "6:35:54 PDT"]
[Termination "Partida empatada por acordo"]

1. d4 d5 2. c4 c6 3. e3 Nf6 4.
Nc3 Bf5 5. Bd3 Bxd3 6. Qxd3 e6 7.
b3 Be7 8. Nf3 O-O 9. O-O Nbd7 10.
Bb2 c5 11. cxd5 exd5 12. Rac1 Rc8 13. dxc5 Nxc5 14. Qe2 Nce4 15. Rfd1 Nxc3 16. Bxc3 Ne4 17. Bb2 Qd7 18. Ne5 Qe6 19. f3 Nf6 20. Qb5 b6 21. Rc6 Rxc6 22. Qxc6 Bd6 23. f4 Bc5 24. Bd4 Bxd4 25. Rxd4 1/2-1/2

[Event "Live Chess"]
[Site "Chess.com"]
[Date "2023.09.16"]
[Round "-"]
[White "augustodemoraisrocha"]
[Black "Abofado"]
[Result "1-0"]
[WhiteElo "1466"]
[BlackElo "592"]
[TimeControl "900+5"]
[EndTime "6:37:07 PDT"]
[Termination "augustodemoraisrocha venceu por xeque-mate"]

1. e4 c6 2. Nf3 d5 3. exd5 cxd5 4. d4 e5 5. dxe5 f6 6. exf6 Nxf6 7. Nc3 d4 8. Qxd4 Nc6 9. Bb5 a6 10. Bxc6+ bxc6 11. Qxd8+ Kxd8 12. Bg5 Be7 13. Ne5 h6 14. Nxc6+ Kd7 15. Nxe7 Kxe7 16. Bxf6+ Kxf6 17. O-O-O Bf5 18.
Rhe1 a5 19. Ne4+ Kg6 20. Ng3 Bg4 21. f3 Bc8 22. Re5 a4 23. Rd3 Kf6 24. Re4 h5 25.
Ra3 Rb8 26. Rexa4 Kg5 27. Ne4+ Kf4 28. Nd6+ Kg5 29. Nf7+ Kf5 30. Nxh8 Bb7 31. Nf7 Re8 32. Nd6+ Kg6 33. Nxe8 h4 34. Rxh4 Kf7 35. Nd6+ Ke6 36.
Nxb7 Kd7 37. Ra6 Kc7 38. Nc5 Kb8 39. Rh7 g5 40. Raa7 g4 41. Raf7 gxf3 42. Rf8# 1-0

[Event "Live Chess"]
[Site "Chess.com"]
[Date "2023.09.16"]
[Round "-"]
[White "Francisco_Ferrari"]
[Black "Edson_Zarnelli"]
[Result "1-0"]
[WhiteElo "2169"]
[BlackElo "756"]
[TimeControl "900+5"]
[EndTime "6:37:48 PDT"]
[Termination "Francisco_Ferrari venceu por desistência"]

1. e4 e5 2. Nf3 Nc6 3. d4 exd4 4. Bc4 Nf6 5. e5 Ne4 6. O-O d6 7. Bd5 Bg4 8. Bxe4 Bxf3 9. Bxf3 Nxe5 10. Re1 Be7 11.
Bxb7 Rb8 12. Be4 O-O 13. Nd2 Bg5 14. Nf3 Bxc1 15. Qxc1 Nxf3+ 16. Bxf3 Re8 17. b3 Rxe1+ 18. Qxe1 Qc8 19. Qe4 Qe6 20. Qxd4 c5 21. Qd5 Re8 22. Qxe6 Rxe6 23. Kf1 Rh6 24. Re1 g5 25. h3 f5 26.
Re7 a5 27. Bd5+ Kf8 28. Re6 Rxe6 29. Bxe6 f4 30. Ke2 Ke7 31. Bc4 Kf6 32. Kf3 Ke5 33.
Kg4 h6 34. h4 d5 35. Bxd5 Kxd5 36. hxg5 hxg5 37. Kxg5 Ke4 38. Kg4 Ke5 39. g3 fxg3 40.
fxg3 Kd4 41. Kh5 Kc3 42. g4 Kxc2 43. g5 Kb2 44. g6 a4 45. g7 axb3 46. axb3 Kxb3 47.
g8=Q+ Kb4 48. Kg4 c4 49. Kf3 Kb3 50. Ke3 Kb4 51. Kd4 c3 52. Qc4+ Ka3 53. Qxc3+ 1-0

[Event "Live Chess"]
[Site "Chess.com"]
[Date "2023.09.16"]
[Round "-"]
[White "Froidastics"]
[Black "Gustavinh13"]
[Result "1-0"]
[WhiteElo "1974"]
[BlackElo "1931"]
[TimeControl "900+5"]
[EndTime "6:38:03 PDT"]
[Termination "Froidastics venceu por xeque-mate"]

1. e4 c6 2. d4 d5 3. e5 Bf5 4. Bd3 Bxd3 5. Qxd3 e6 6. Nf3 c5 7. c3 Nc6 8. Nbd2 Qc7 9. O-O Nge7 10.
Re1 Nf5 11. dxc5 Bxc5 12. b4 Bb6 13. a4 a5 14. b5 Nce7 15. Nb3 Rc8 16. Bb2 O-O 17.
Rac1 Ng6 18. Nbd4 Nfe7 19. g3 Qc4 20. Qd1 Rfd8 21. h4 Nf8 22. Kg2 Nd7 23. Ba3 Re8 24.
Bd6 Nc5 25. Bxc5 Qxc5 26. Qc2 Qc7 27. Qd2 h6 28. g4 Qc4 29. g5 h5 30. Qc2 g6 31. Re2 Kg7 32. Rd2 Nf5 33. Nxf5+ gxf5 34. Nd4 Rc7 35. Qd1 Kg6 36. Rd3 Rec8 37. Ne2 Qxh4 38. Qf1 Qe4+ 39. Rf3 Qxe5 40. Nf4+ Kg7 41. Nxh5+ Kf8 42. Qh1 Ke7 43. Nf6 Rxc3 44. Rfxc3 Rxc3 45. Rxc3 Qxc3 46. Qh8 Qc7 47. Qe8+ Kd6 48. Qf8+ Ke5 49. Qa3 Qc5 50. f4+ Kxf4 51. Qg3# 1-0

[Event "Live Chess"]
[Site "Chess.com"]
[Date "2023.09.16"]
[Round "-"]
[White "ravypintodiniz"]
[Black "P3treis"]
[Result "1-0"]
[WhiteElo "2012"]
[BlackElo "915"]
[TimeControl "900+5"]
[EndTime "6:38:23 PDT"]
[Termination "ravypintodiniz venceu por xeque-mate"]

1. e4 c5 2. Nf3 d6 3. d4 cxd4 4. Nxd4 Nf6 5. Nc3 a6 6. Bg5 e6 7.
Qd2 Be7 8. O-O-O Qc7 9. f4 Nbd7 10. Be2 h6 11. Bh4 b5 12. Bf3 Bb7 13. a3 O-O 14.
g4 d5 15. e5 Ne4 16. Bxe4 dxe4 17. Bxe7 e3 18. Qxe3 Bxh1 19. Bxf8 Kxf8 20. Rxh1 Rb8 21. f5 Nxe5 22. fxe6 Nxg4 23. Qf3 Ne5 24. Qg3 g6 25. Rf1 Rb7 26. exf7 Nxf7 27. Ne6+ Kg8 28. Qxg6+ Kh8 29. Qg7# 1-0

[Event "Live Chess"]
[Site "Chess.com"]
[Date "2023.09.16"]
[Round "-"]
[White "abaakate"]
[Black "Thiago1451"]
[Result "1-0"]
[WhiteElo "1937"]
[BlackElo "565"]
[TimeControl "900+5"]
[EndTime "6:39:09 PDT"]
[Termination "abaakate venceu por desistência"]

1. d4 d5 2. c4 dxc4 3. Nf3 Nc6 4. g3 Nf6 5. Bg2 e5 6. dxe5 Qxd1+ 7. Kxd1 Ng4 8. Ke1 Ngxe5 9. Nxe5 Nxe5 10. Bf4 Bd6 11. Nc3 O-O 12. Nb5 Rd8 13. Nxd6 cxd6 14. Rd1 Nc6 15.
Bxc6 bxc6 16. Bxd6 Re8 17. Rc1 Bg4 18. e3 Red8 19.
Bc5 Rd5 20. Bd4 Rad8 21. f3 Bxf3 22. Rf1 Bh5 23. Rxc4 Rb8 24. Rxc6 h6 25. Rc7 Rxb2 26. Bxb2 Ra5 27. a3 Rd5 28. Bd4 Rxd4 29. exd4 1-0

[Event "Live Chess"]
[Site "Chess.com"]
[Date "2023.09.16"]
[Round "-"]
[White "Abofado"]
[Black "Francisco_Ferrari"]
[Result "0-1"]
[WhiteElo "592"]
[BlackElo "2169"]
[TimeControl "900+5"]
[EndTime "6:39:31 PDT"]
[Termination "Francisco_Ferrari venceu por xeque-mate"]

1. e4 e5 2. Nf3 Nc6 3. d4 exd4 4. Nxd4 Nf6 5. e5 Nxe5 6. Nf5 d5 7. f4 Ng6 8. Nc3 Bxf5 9. Bc4 dxc4 10. Nb5 Qxd1+ 11. Kxd1 O-O-O+ 12. Ke2 Bg4+ 13. Kf2 Ne4+ 14. Ke3 Bc5+ 15. Kxe4 f5# 0-1

[Event "Live Chess"]
[Site "Chess.com"]
[Date "2023.09.16"]
[Round "-"]
[White "migu345"]
[Black "fernanndodod"]
[Result "0-1"]
[WhiteElo "1004"]
[BlackElo "1980"]
[TimeControl "900+5"]
[EndTime "6:39:42 PDT"]
[Termination "fernanndodod venceu por desistência"]

1. e4 e5 2. Nf3 Nc6 3. Bc4 Bc5 4. d3 Nf6 5. Nc3 d6 6. Na4 Bb6 7. O-O Be6 8. Bxe6 fxe6 9. Bg5 h6 10. Bd2 Qe7 11.
a3 O-O 12. c3 Rad8 13. b4 d5 14.
Nxb6 axb6 15. b5 dxe4 16. bxc6 exf3 17. Qxf3 bxc6 18. Rfe1 Qd6 19. Re3 Nd5 20. Qe4 Nxe3 21. Bxe3 Qxd3 22. Qxd3 Rxd3 23. c4 Rfd8 24. Kf1 Rd1+ 25.
Rxd1 Rxd1+ 26. Ke2 Ra1 27. f4 e4 0-1

[Event "Live Chess"]
[Site "Chess.com"]
[Date "2023.09.16"]
[Round "-"]
[White "Thiago1451"]
[Black "Francisco_Ferrari"]
[Result "0-1"]
[WhiteElo "565"]
[BlackElo "2169"]
[TimeControl "900+5"]
[EndTime "6:40:31 PDT"]
[Termination "Francisco_Ferrari venceu por desistência"]

1. c4 e5 2. Nc3 Nf6 3. e3 c6 4.
Nge2 d5 5. cxd5 cxd5 6. g3 Nc6 7. d4 e4 8. Bg2 h5 9. O-O h4 10. a4 hxg3 11. f3 gxh2+ 0-1

[Event "Live Chess"]
[Site "Chess.com"]
[Date "2023.09.16"]
[Round "-"]
[White "sleepGM86"]
[Black "AlphaKaua10"]
[Result "1-0"]
[WhiteElo "1125"]
[BlackElo "1093"]
[TimeControl "900+5"]
[EndTime "6:41:38 PDT"]
[Termination "sleepGM86 venceu por desistência"]

1. c4 c5 2. Nc3 g6 3. g3 Bg7 4. Bg2 Nf6 5. Nf3 O-O 6. O-O Nc6 7.
e3 e6 8. Re1 d5 9. cxd5 exd5 10.
d4 cxd4 11. exd4 Ne4 12. Nxe4 dxe4 13. Rxe4 Bf5 14. Re1 Nxd4 15. Nxd4 Bxd4 16. Bxb7 Qb6 17. Qb3 Bxf2+ 18. Kg2 Bxe1 19. Bxa8 Qxb3 20. axb3 Rxa8 21. Bh6 Ba5 22. Rxa5 f6 23. Ra6 Kf7 24. Be3 Be4+ 25. Kf2 Bd3 26. Rxa7+ Rxa7 27. Bxa7 h5 28. Ke3 Bc2 29.
b4 Ba4 30. Kd3 Bb5+ 31. Kc3 Bc6 32. Kd4 Ke6 33. Kc5 Bd7 34. b5 f5 35. b6 Bc8 36.
Kc6 g5 37. b7 Bxb7+ 38. Kxb7 f4 39. gxf4 gxf4 40. Bb8 f3 41. Ba7 Kf5 42. Kc6 Kf4 43.
Kd5 Kg4 44. Ke4 h4 45. Bf2 h3 46. b4 Kg5 47. Ke3 Kf6 48. Kxf3 Ke6 49. Kg4 Kd5 50. Kxh3 Kc4 51. Be1 Kd5 52. Kg3 Ke5 53. h4 Kf6 54. Kg4 Kg6 55. b5 Kf6 56. b6 1-0

[Event "Live Chess"]
[Site "Chess.com"]
[Date "2023.09.16"]
[Round "-"]
[White "mary260210"]
[Black "InfinityDelas"]
[Result "1-0"]
[WhiteElo "859"]
[BlackElo "747"]
[TimeControl "900+5"]
[EndTime "6:42:00 PDT"]
[Termination "mary260210 venceu por xeque-mate"]

1. d4 d5 2. Nc3 Nf6 3. Nf3 e6 4.
Bg5 Bb4 5. Bxf6 Qxf6 6. Qd3 Bxc3+ 7. Qxc3 Nc6 8. O-O-O O-O 9. e3 Bd7 10. Bb5 a6 11. Bxc6 Bxc6 12. Ne5 Qxf2 13. Nxc6 bxc6 14. Qxc6 Qxe3+ 15. Rd2 Qg5 16. Qxc7 Rfc8 17. Qd7 Rd8 18. Qb7 e5 19. Rf1 Rf8 20. dxe5 Qxe5 21. Rxd5 Qxh2 22. Rdf5 Qh6+ 23. R5f4 Qg6 24. Qe4 Qxe4 25. Rxe4 Rae8 26. Rxe8 Rxe8 27. Rf5 Re6 28. Rd5 g6 29. c4 h5 30.
b4 Rf6 31. c5 Rf1+ 32. Kd2 Rf2+ 33. Ke1 Rxg2 34. c6 Rg1+ 35. Kf2 Rc1 36. Rd6 Rc2+ 37.
Ke3 Rc3+ 38. Kd4 Rg3 39. Kc5 Rg5+ 40. Kc4 Rg4+ 41. Kd5 Rg5+ 42. Kc4 Rg4+ 43. Kc3 Rg3+ 44. Kd4 Rg4+ 45. Kc3 Rg3+ 46. Kb2 Rg2+ 47. Ka3 Rg3+ 48. Ka4 Rg2 49. c7 Rxa2+ 50. Kb3 Ra1 51. c8=Q+ Kg7 52.
Rxa6 Rxa6 53. Qxa6 h4 54. Qd3 Kh6 55. b5 Kg5 56. b6 Kg4 57. b7 h3 58. b8=Q h2 59.
Qe2+ Kh3 60. Qbxh2# 1-0

[Event "Live Chess"]
[Site "Chess.com"]
[Date "2023.09.16"]
[Round "-"]
[White "dani_reitas"]
[Black "zxsimon"]
[Result "0-1"]
[WhiteElo "1007"]
[BlackElo "1489"]
[TimeControl "900+5"]
[EndTime "6:42:25 PDT"]
[Termination "zxsimon venceu por desistência"]

1. d4 Nf6 2. c4 d6 3. Nc3 Nbd7 4. e3 g6 5. Nf3 Bg7 6. Bd3 c5 7. O-O a6 8. Re1 O-O 9. Bd2 Rb8 10. Qe2 e6 11.
Ne4 d5 12. Nxf6+ Nxf6 13. Ne5 Nd7 14. Nxd7 Bxd7 15. Rac1 cxd4 16. exd4 Bxd4 17. Bc3 Bxc3 18. Rxc3 d4 19. Rc2 Qf6 20. Qg4 Rfd8 21. Rce2 e5 22. Qf3 Qxf3 23. gxf3 f6 24. Kg2 b5 25. b3 Be6 26. Rc2 Rbc8 27. Rec1 bxc4 28. Bxc4 Bxc4 29. bxc4 Rc6 30. Kf1 Kf7 31. Ke2 f5 32. Rd1 e4 33.
fxe4 fxe4 34. c5 d3+ 0-1

[Event "Live Chess"]
[Site "Chess.com"]
[Date "2023.09.16"]
[Round "-"]
[White "Torugomilho11"]
[Black "Riquelme_Leonardo"]
[Result "1/2-1/2"]
[WhiteElo "1150"]
[BlackElo "1699"]
[TimeControl "900+5"]
[EndTime "6:43:15 PDT"]
[Termination "Partida empatada por acordo"]

1. e4 e5 2. Nf3 Nc6 3. Bb5 Nf6 4.
Nc3 Bc5 5. O-O d6 6. Bxc6+ bxc6 7. d3 h6 8. Na4 Bb6 9. Nxb6 cxb6 10. Be3 O-O 11. d4 exd4 12. Nxd4 c5 13. Nf3 Nxe4 14.
Qd3 Bf5 15. Qd5 Bg6 16. Rad1 Qf6 17. c3 Rfd8 18. Nd2 Nxd2 19. Rxd2 Qe6 20. Qxe6 fxe6 21.
Rfd1 d5 22. c4 d4 23. Bf4 Re8 24. Re2 d3 25. Re5 Rad8 26. Bd2 Rd4 27. b3 Re4 28. Rxe4 Bxe4 29. Bf4 e5 30. Bd2 Bg6 31. Re1 e4 32. f3 exf3 33. Rxe8+ Bxe8 34. gxf3 Bg6 35. Kf2 Kf7 36.
Ke3 Ke6 37. Bc3 Kf7 38. Kf4 a6 39. Ke5 Ke7 40. Kd5 Kd7 41. Ke5 Kc6 42. Kf4 b5 43. cxb5+ axb5 44. Ke3 c4 45. bxc4 bxc4 46. Kd4 Kb5 47.
Ke3 Ka4 48. Bxg7 c3 49. Bxc3 Ka3 50. Bg7 h5 1/2-1/2

[Event "Live Chess"]
[Site "Chess.com"]
[Date "2023.09.16"]
[Round "-"]
[White "kslusk"]
[Black "ArthurMPRJ"]
[Result "0-1"]
[WhiteElo "809"]
[BlackElo "1256"]
[TimeControl "900+5"]
[EndTime "6:43:16 PDT"]
[Termination "ArthurMPRJ venceu por desistência"]

1. e4 c5 2. Nf3 e6 3. d4 cxd4 4.
Nxd4 Nc6 5. Nxc6 bxc6 6. Nc3 d5 7. exd5 cxd5 8. Bb5+ Bd7 9. Bxd7+ Qxd7 10. O-O Nf6 11. Bg5 Be7 12. Qd2 Qb7 13. Rab1 O-O 14. Rfe1 Rfd8 15.
a3 d4 16. Bxf6 dxc3 17. bxc3 Rxd2 18. Rxb7 Bxf6 19. Reb1 Rad8 20. h3 Rd1+ 21. Rxd1 Rxd1+ 22. Kh2 g6 23. Rxa7 Bxc3 24. Rc7 Be5+ 25. g3 Bxc7 0-1

[Event "Live Chess"]
[Site "Chess.com"]
[Date "2023.09.16"]
[Round "-"]
[White "AlphaKaua10"]
[Black "Thiago1451"]
[Result "1-0"]
[WhiteElo "1101"]
[BlackElo "564"]
[TimeControl "900+5"]
[EndTime "6:43:33 PDT"]
[Termination "AlphaKaua10 venceu por desistência"]

1. d4 d5 2. c4 e6 3. Nc3 Nf6 4. Nf3 Bd6 5. g3 O-O 6. Bg2 dxc4 7. O-O c5 8. dxc5 Bxc5 9. Qxd8 Rxd8 10.
Ne5 Nbd7 11. Nxc4 Nb6 12. Nxb6 axb6 13. Bf4 b5 14. Nxb5 Rb8 15. Rad1 Rxd1 16. Rxd1 Bd7 17. Bxb8 1-0

[Event "Live Chess"]
[Site "Chess.com"]
[Date "2023.09.16"]
[Round "-"]
[White "gu1c0rrea"]
[Black "NavarroChess09"]
[Result "0-1"]
[WhiteElo "805"]
[BlackElo "1318"]
[TimeControl "900+5"]
[EndTime "6:43:43 PDT"]
[Termination "NavarroChess09 venceu por xeque-mate"]

1. e4 d6 2. d4 b6 3. Nf3 Bb7 4. Nc3 Nf6 5. e5 dxe5 6. Nxe5 e6 7.
Bg5 Bd6 8. Nc4 Bb4 9. Bd2 O-O 10. Ne5 Nc6 11. a3 Bxc3 12. Bxc3 Nxe5 13. Bd3 Nxd3+ 14. Qxd3 Bxg2 15. Rg1 Bb7 16. Qg3 g6 17. Qh4 Ne4 18.
Qf4 Qf6 19. Qxf6 Nxf6 20. O-O-O Ne4 21. Bb4 Rfd8 22. c3 Nxf2 23. Rdf1 Nd3+ 24. Kb1 Be4 25. Be7 Rd7 26. Bf6 Nb4+ 27. Kc1 Na2+ 28. Kd1 c5 29. h4 cxd4 30. cxd4 Rc8 31. Ke2 Rc2+ 32. Ke1 Nc1 33. Kd1 Rdc7 34. h5 Rxb2 35. hxg6 hxg6 36. Rf4 Nd3 37. Rh4 Rc1# 0-1

[Event "Live Chess"]
[Site "Chess.com"]
[Date "2023.09.16"]
[Round "-"]
[White "KauaShelby015"]
[Black "GabrielGGCF"]
[Result "1-0"]
[WhiteElo "1262"]
[BlackElo "1431"]
[TimeControl "900+5"]
[EndTime "6:44:50 PDT"]
[Termination "KauaShelby015 venceu por desistência"]

1. e4 e5 2. Nf3 Nc6 3. d4 exd4 4.
Bc4 g6 5. O-O Bg7 6. Ng5 Ne5 7.
Bb3 Bf6 8. f4 Bxg5 9. fxg5 c5 10. c3 dxc3 11. Nxc3 d6 12. Bf4 Bg4 13. Qc2 a6 14.
Bxe5 dxe5 15. Bxf7+ Kf8 16. Be6+ Nf6 17. gxf6 Bxe6 18.
Rad1 Qb6 19. Na4 Qb5 20. Qxc5+ Qxc5+ 21. Nxc5 Bxa2 22. Nxb7 Rb8 23. Nd6 Rxb2 24. f7 h5 25. Nc8 Rh7 26. Rd8+ 1-0

[Event "Live Chess"]
[Site "Chess.com"]
[Date "2023.09.16"]
[Round "-"]
[White "Megruo988"]
[Black "lucasbezerraja"]
[Result "0-1"]
[WhiteElo "1714"]
[BlackElo "1811"]
[TimeControl "900+5"]
[EndTime "6:45:11 PDT"]
[Termination "lucasbezerraja venceu por xeque-mate"]

1. e4 c5 2. c3 d6 3. d4 cxd4 4. cxd4 e6 5. Nf3 Nc6 6. Nc3 Nge7 7. Be3 g6 8. Bd3 Bg7 9. Qd2 O-O 10. h4 Nb4 11. Be2 h5 12. a3 Nbc6 13. Nh2 e5 14. d5 Nd4 15. Bxd4 exd4 16. Na2 Bd7 17. Rc1 Rc8 18. O-O Qb6 19. Nb4 Kh7 20.
Rcd1 Bh6 21. Qxd4 Qxd4 22. Rxd4 a5 23. Nd3 Bg7 24. e5 dxe5 25. Re4 f5 26. Rxe5 Bxe5 27. Nxe5 Ba4 28. Nhf3 Nxd5 29. Ng5+ Kh6 30. Bf3 Nf6 31. Re1 Rc7 32. b4 Ng4 33. Bxg4 fxg4 34. bxa5 Rf5 35. Kh2 Rxf2 36. Rb1 Rf5 37. Nef7+ Rcxf7 38. Nxf7+ Rxf7 39. Kg3 Bc6 40. Rb6 Rd7 41. a6 Rd3+ 42. Kf4 Bxg2 43. axb7 Bxb7 44. Rxb7 Rxa3 45. Ke5 g3 46. Kf6 Ra6+ 47.
Kf7 g2 48. Rb8 Ra7+ 49. Kf6 g1=Q 50. Rh8+ Rh7 51. Rxh7+ Kxh7 52. Kf7 Qe3 53. Kf6 Qe4 54. Kg5 Qf5# 0-1

[Event "Live Chess"]
[Site "Chess.com"]
[Date "2023.09.16"]
[Round "-"]
[White "vitinho_lawliet"]
[Black "RickBrasil"]
[Result "0-1"]
[WhiteElo "947"]
[BlackElo "1867"]
[TimeControl "900+5"]
[EndTime "6:46:19 PDT"]
[Termination "RickBrasil venceu por desistência"]

1. e4 c6 2. Nc3 d5 3. e5 c5 4. d4 e6 5. Nf3 cxd4 6. Nxd4 Nc6 7. Nxc6 bxc6 8. Be2 Qc7 9. Bf4 Ne7 10. O-O Ng6 11.
Qd4 Nxf4 12. Qxf4 Be7 13. Bh5 g6 14. Be2 a6 15. g4 f6 16. Qh6 Bf8 17. Qe3 fxe5 18.
f4 d4 19. Qxe5 Qxe5 20. fxe5 dxc3 21. bxc3 Bc5+ 22. Kg2 Rb8 23. Rab1 Rxb1 24. Rxb1 Rf8 25. Rb8 Rf2+ 26. Kg3 Rxe2 27. Rxc8+ Kd7 28. Ra8 Rxc2 29.
Rxa6 Rxc3+ 30. Kf4 Be3+ 31. Ke4 Bg1 32. h4 Rc4+ 33.
Kf3 h5 34. Ra7+ Bxa7 35. g5 Rxh4 36. Kg3 Ra4 0-1

[Event "Live Chess"]
[Site "Chess.com"]
[Date "2023.09.16"]
[Round "-"]
[White "Francisco_Ferrari"]
[Black "sleepGM86"]
[Result "1-0"]
[WhiteElo "2169"]
[BlackElo "1125"]
[TimeControl "900+5"]
[EndTime "6:46:29 PDT"]
[Termination "Francisco_Ferrari venceu por desistência"]

1. e4 c5 2. Nf3 Nc6 3. b4 cxb4 4.
d4 g6 5. Bb2 Bg7 6. Bc4 e6 7.
O-O d5 8. exd5 exd5 9. Re1+ Nge7 10. Bb5 O-O 11. Nbd2 a6 12. Bd3 Bf5 13. Nb3 Bxd3 14. Qxd3 Nf5 15. Nc5 Qc7 16. h4 Rfe8 17. h5 h6 18.
hxg6 fxg6 19. Qb3 Re5 1-0